 Dungeon Crawl Stone Soup version 0.28-a0-863-g8cecda6153 (webtiles) character file.

Game seed: 1889447357643268684

529 Madmarshman the Chopper (level 7, -4/61 HPs)
             Began as a Minotaur Berserker on Nov 19, 2021.
             Was a Priest of Trog.
             Killed by nerve-wracking pain
             ... invoked by Grinder
              (14 damage)
             ... while paralysed by Grinder
             ... on level 3 of the Dungeon.
             The game lasted 00:20:25 (3733 turns).

Madmarshman the Chopper (Minotaur Berserker)        Turns: 3733, Time: 00:20:26

Health: -4/61      AC:  6    Str: 21    XL:     7   Next: 3%
Magic:  6/6        EV:  2    Int:  4    God:    Trog [***...]
Gold:   123        SH:  0    Dex: 12    Spells: 6/6 levels left

rFire   . . .      SeeInvis .   a - +0 hand axe
rCold   . . .      Faith    .   (no shield)
rNeg    . . .      Spirit   .   d - +0 ring mail
rPois   .          Reflect  .   (helmet restricted)
rElec   .          Harm     .   (no cloak)
rCorr   .          Rampage  .   (no gloves)
Will    .....                   (no boots)
Stlth   +.........              (no amulet)
HPRegen 0.20/turn               k - ring of flight
MPRegen 0.10/turn               (no ring)

@: paralysed, flying
A: horns 2, retaliatory headbutt
a: Renounce Religion, Berserk, Trog's Hand


You were on level 3 of the Dungeon.
You worshipped Trog.
Trog was most pleased with you.
You visited 1 branch of the dungeon, and saw 3 of its levels.
You also visited: Sewer.

You collected 123 gold pieces.

Inventory:

Hand Weapons
 a - a +0 hand axe (weapon)
 b - a +1 dagger of holy wrath
Armour
 d - a +0 ring mail (worn)
Jewellery
 k - a ring of flight (left hand)
Wands
 l - a wand of iceblast (7)
 n - a wand of polymorph (2)
Scrolls
 c - a scroll of fog {unknown}
 h - a scroll of immolation {unknown}
 j - 2 scrolls of identify {unknown}
 p - 3 scrolls of magic mapping {unknown}
 q - 3 scrolls of teleportation {unknown}
 r - 3 scrolls of blinking {unknown}
 s - a scroll of enchant armour {unknown}
 t - a scroll of enchant weapon {unknown}
Potions
 e - 5 potions of heal wounds {unknown}
 f - 4 potions of mutation {unknown}
 g - a potion of resistance {unknown}
 i - a potion of berserk rage {unknown}
 m - a potion of degeneration {unknown}
 o - 2 potions of haste {unknown}


   Skills:
 + Level 5.3 Fighting
 * Level 6.8 Axes
 + Level 4.5 Armour
 + Level 4.1 Dodging


You had 6 spell levels left.
You didn't know any spells.
Your spell library was empty.

Dungeon Overview and Level Annotations

Branches:
Dungeon (3/15)              Sewer (visited)

Altars:

Shops:
D:3 [

Annotations:
D:3 Grinder


Innate Abilities, Weirdness & Mutations

You have a pair of horns on your head.
You reflexively headbutt those who attack you in melee.


Message History

Grinder hits you.
You writhe in agony.
Grinder hits you!
You writhe in agony.
You hit Grinder. Your headbutt misses Grinder.
Grinder is heavily wounded.
Grinder completely misses you.
You barely miss Grinder.
Grinder is moderately wounded.
Grinder hits you!
You writhe in agony.
Grinder hits you.
* * * LOW HITPOINT WARNING * * *
You writhe in agony.
* * * LOW HITPOINT WARNING * * *
Grinder completely misses you. You furiously retaliate!
You headbutt Grinder. Grinder gestures at you.
You suddenly lose the ability to move!
Grinder blinks!
You can move again.
Grinder is nearby!
You feel yourself speed up.
Grinder says, "Just stop there for a second..."
Grinder gestures at you. Pain shoots through your body!
* * * LOW HITPOINT WARNING * * *
You see here a scroll labelled LAUXEF TUEFO.
Okay, then.
Things that are here:
a +0 battleaxe; 16 gold pieces; a hobgoblin corpse Grinder gestures at you.
You suddenly lose the ability to move!
Grinder gestures at you. Pain shoots through your body!
* * * LOW HITPOINT WARNING * * *
You recover from your berserk rage.
Grinder gestures at you.
You struggle to resist.
Grinder hits you.
* * * LOW HITPOINT WARNING * * *
You writhe in agony.
* * * LOW HITPOINT WARNING * * *
Grinder gestures at you. Pain shoots through your body!
You die...

.##.......#..
#..........)). #. #.
#.......#.# .# #.
#.##.......#.# ... #.
..#.......#.# #.##.####
#.####.####.#
#.......####.###.......#
#.)...............######
..#.....@...†.....##
.......5#####.#####
.......?......#
##...########## ##.. #.
#


You could see Grinder.

Vanquished Creatures
  2 bullfrogs (Sewer)
  Jessica (D:3)
  Natasha (thrice) (D:2)
  14 adders
  2 gnolls (D:3)
  6 river rats (Sewer)
  2 worms (D:2)
  2 dart slugs (D:2)
  6 endoplasms
  4 giant cockroaches
  5 goblins
  4 hobgoblins
  4 jackals (D:3)
  6 kobolds
  3 quokkas
  12 ball pythons
  9 bats
  6 frilled lizards
  25 rats
116 creatures vanquished.

Notes
Turn   | Place    | Note
-------+----------+-------------------------------------------
     0 | D:1      | Madmarshman the Minotaur Berserker began the quest for the
                  | Orb.
     0 | D:1      | Reached XP level 1. HP: 19/19 MP: 0/0
   268 | D:1      | Reached XP level 2. HP: 27/27 MP: 1/1
   318 | D:1      | Reached skill level 4 in Axes
   739 | D:2      | Reached XP level 3. HP: 33/33 MP: 2/2
   831 | D:2      | Reached ** piety under Trog
  1097 | D:2      | Noticed Natasha
  1107 | D:2      | Killed Natasha
  1108 | D:2      | Reached XP level 4. HP: 40/40 MP: 3/3
  1508 | D:2      | Reached skill level 5 in Axes
  1552 | D:2      | Found a faded altar of an unknown god.
  1766 | D:2      | Noticed Natasha
  1773 | D:2      | Killed Natasha
  1854 | D:2      | Noticed Natasha
  1860 | D:2      | Killed Natasha
  1861 | D:2      | Reached XP level 5. HP: 47/47 MP: 4/4
  2219 | D:3      | Found a glowing drain.
  2237 | Sewer    | Entered a sewer
  2807 | Sewer    | Reached *** piety under Trog
  2812 | Sewer    | Reached XP level 6. HP: 47/55 MP: 5/5
  2813 | Sewer    | Reached skill level 6 in Axes
  2986 | Sewer    | Reached skill level 5 in Fighting
  3484 | D:3      | Found Cyecyixi's Antique Armour Emporium.
  3595 | D:3      | Noticed Jessica
  3602 | D:3      | Killed Jessica
  3603 | D:3      | Reached XP level 7. HP: 61/61 MP: 6/6
  3694 | D:3      | Noticed Grinder
  3707 | D:3      | Paralysed by Grinder for 2 turns
  3718 | D:3      | Paralysed by Grinder for 4 turns
  3729 | D:3      | Paralysed by Grinder for 6 turns
  3733 | D:3      | Killed from afar by Grinder

Illustrated notes

Levels and vault maps discovered:
D:1:      minmay_arrival_loop, layout_basic, minmay_quantized
D:2:      layout_loops_corners, shapermc_ecumenical_altar_mp_highgroup,
          uniq_natasha
D:3:      layout_loops_ring, serial_shops, nicolae_shop_hallway_plus,
          gup_sewer_entry_pipe, minmay_crystal_water, uniq_grinder,
          uniq_jessica, uniq_robin

Skill      XL: |  1  2  3  4  5  6 |
---------------+-------------------+-----
Axes           | 4 5 6 |  6.8
Fighting       | 4 5 |  5.3
Armour         | 3 4 |  4.5
Dodging        | 3 4 |  4.1

Action                   |  1- 3 |  4- 6 |  7- 9 || total
-------------------------+-------+-------+-------++-------
Melee: Hand axe          |    69 |   167 |    20 ||   256
       Headbutt          |    11 |    26 |     1 ||    38
Invok: Berserk           |     1 |     4 |     1 ||     6
       Trog's Hand       |     1 |     4 |     1 ||     6
Armor: Ring mail         |    20 |    61 |     6 ||    87
       Animal skin       |     3 |       |       ||     3
Dodge: Dodged            |    35 |   104 |    14 ||   153

Table legend: (Time is in decaauts)
 A = Elapsed time spent in this place.
 B = Non-inter-level travel time spent in this place.
 C = Inter-level travel time spent in this place.
 D = Time resting spent in this place.
 E = Time spent auto-exploring this place.
 F = Levels seen in this place.
 G = Mean time per level.
                   A        B        C        D        E       F      G
               +--------+--------+--------+--------+--------+-----+--------+
         Total |   3801 |   3783 |     18 |    784 |   2261 |   4 |  950.2 |
       Dungeon |   2777 |   2759 |     18 |    245 |   1921 |   3 |  925.7 |
         Sewer |   1024 |   1024 |      0 |    539 |    340 |   1 | 1024.0 |
               +--------+--------+--------+--------+--------+-----+--------+

Top non-repeatable levels by time:
     D:2: 1277 daAuts
   Sewer: 1024 daAuts
     D:3: 760 daAuts
     D:1: 739 daAuts
